TOP OF THE 1ST |
Indiana Hounds batting - Pitching for Waba Ducks : LHP Cecil Bonekamp
|
Pitching: LHP Cecil Bonekamp
|
|
Batting: RHB Javier Martínez
|
0-0: Swinging Strike 0-1: SINGLE (Groundball, 4MD)
|
Batting: SHB Dave MacThomas
|
0-0: Foul Ball, location: 2F 0-1: Swinging Strike 0-2: Ball 1-2: Ground out 5-3 (Groundball, 56S) Javier Martínez to second
|
Batting: RHB Bob Lazzeri
|
0-0: Called Strike 0-1: Ball 1-1: Ball 2-1: SINGLE (Line Drive, 6MD) Javier Martínez to third
|
Batting: RHB Danny Walker
|
0-0: Ball 1-0: Foul Ball, location: 2F 1-1: Ball 2-1: Called Strike 2-2: Strikes out looking
|
Batting: LHB John Cotton
|
0-0: Ball 1-0: Ball 2-0: Ball Wild Pitch! Javier Martínez scores Bob Lazzeri to second 3-0: Called Strike 3-1: Foul Ball, location: 2F 3-2: Foul Ball, location: 2F 3-2: Strikes out swinging
|
Top of the 1st over - 1 run(s), 2 hit(s), 0 error(s), 1 left on base; Indiana 1 - Waba 0 |
BOTTOM OF THE 1ST |
Waba Ducks batting - Pitching for Indiana Hounds : LHP Daniel Gregory
|
Pitching: LHP Daniel Gregory
|
|
Batting: RHB Kelly Graham
|
0-0: Called Strike 0-1: Ball 1-1: Foul Ball, location: 2F 1-2: Foul Ball, location: 2F 1-2: Foul Ball, location: 2F 1-2: Ball 2-2: Strikes out swinging
|
Batting: RHB Pedro Molina
|
0-0: Foul Ball, location: 2F 0-1: Ball 1-1: Called Strike 1-2: Strikes out swinging
|
Batting: LHB Sammy Marshall
|
0-0: Ball 1-0: Fly out, F5 (Line Drive, 5)
|
Bottom of the 1st over - 0 run(s), 0 hit(s), 0 error(s), 0 left on base; Indiana 1 - Waba 0 |
TOP OF THE 2ND |
Indiana Hounds batting - Pitching for Waba Ducks : LHP Cecil Bonekamp
|
Batting: LHB Denny Poole
|
0-0: Fly out, F7 (Line Drive, 7LM)
|
Batting: RHB Francisco Tañón
|
0-0: Foul Ball, location: 2F 0-1: SINGLE (Groundball, 56D)
|
Batting: LHB Jim Clemente
|
0-0: Called Strike 0-1: Ball Wild Pitch! Francisco Tañón to second 1-1: Fly out, F8 (Flyball, 78M)
|
Batting: RHB Octávio Marín
|
0-0: Foul Ball, location: 2F 0-1: Foul Ball, location: 2F 0-2: Foul Ball, location: 2F 0-2: Strikes out swinging
|
Top of the 2nd over - 0 run(s), 1 hit(s), 0 error(s), 1 left on base; Indiana 1 - Waba 0 |
BOTTOM OF THE 2ND |
Waba Ducks batting - Pitching for Indiana Hounds : LHP Daniel Gregory
|
Batting: RHB Paul Spencer
|
0-0: Ball 1-0: Ball 2-0: Ball 3-0: Base on Balls
|
Batting: LHB Howard Evans
|
0-0: Called Strike 0-1: Ball 1-1: Swinging Strike 1-2: Foul Ball, location: 2F 1-2: Ball 2-2: Strikes out swinging
|
Batting: RHB Jeremy Flemming
|
0-0: Ball 1-0: Ball Pickoff Throw by Catcher to First - Out! 2-0: Ball 3-0: Base on Balls
|
Batting: LHB Javier Orozco
|
0-0: Called Strike 0-1: Ball 1-1: Called Strike 1-2: Ball 2-2: Foul Ball, location: 2F 2-2: Strikes out looking
|
Bottom of the 2nd over - 0 run(s), 0 hit(s), 0 error(s), 1 left on base; Indiana 1 - Waba 0 |
TOP OF THE 3RD |
Indiana Hounds batting - Pitching for Waba Ducks : LHP Cecil Bonekamp
|
Batting: RHB Javier Martínez
|
0-0: Ball 1-0: Ground out 5-3 (Groundball, 5)
|
Batting: SHB Dave MacThomas
|
0-0: Called Strike 0-1: Foul Ball, location: 2F 0-2: Ground out 4-3 (Groundball, 4)
|
Batting: RHB Bob Lazzeri
|
0-0: Called Strike 0-1: Fly out, F7 (Flyball, 78M)
|
Top of the 3rd over - 0 run(s), 0 hit(s), 0 error(s), 0 left on base; Indiana 1 - Waba 0 |
BOTTOM OF THE 3RD |
Waba Ducks batting - Pitching for Indiana Hounds : LHP Daniel Gregory
|
Batting: RHB Don Keating
|
0-0: Swinging Strike 0-1: Fly out, F4 (Line Drive, 4M)
|
Batting: SHB Alex Aguilar
|
0-0: Ball 1-0: Ball 2-0: Ball 3-0: Called Strike 3-1: Base on Balls
|
Batting: RHB Kelly Graham
|
0-0: Ball 1-0: Fly out, F9 (Flyball, 9LSF)
|
Batting: RHB Pedro Molina
|
0-0: DOUBLE (Line Drive, 89D) Alex Aguilar to third
|
Batting: LHB Sammy Marshall
|
0-0: Ground out 4-3 (Groundball, 4)
|
Bottom of the 3rd over - 0 run(s), 1 hit(s), 0 error(s), 2 left on base; Indiana 1 - Waba 0 |
TOP OF THE 4TH |
Indiana Hounds batting - Pitching for Waba Ducks : LHP Cecil Bonekamp
|
Batting: RHB Danny Walker
|
0-0: Ball 1-0: Foul Ball, location: 2F 1-1: Ground out U3 (Groundball, 34)
|
Batting: LHB John Cotton
|
0-0: Called Strike 0-1: Ground out 4-3 (Groundball, 4)
|
Batting: LHB Denny Poole
|
0-0: Foul Ball, location: 2F 0-1: Swinging Strike 0-2: Ball 1-2: Fly out, F6 (Popup, 6)
|
Top of the 4th over - 0 run(s), 0 hit(s), 0 error(s), 0 left on base; Indiana 1 - Waba 0 |
BOTTOM OF THE 4TH |
Waba Ducks batting - Pitching for Indiana Hounds : LHP Daniel Gregory
|
Batting: RHB Paul Spencer
|
0-0: Swinging Strike 0-1: Swinging Strike 0-2: Ball 1-2: Foul Ball, location: 2F 1-2: Foul Ball, location: 2F 1-2: Ball 2-2: Foul Ball, location: 2F 2-2: Ball 3-2: SINGLE (Groundball, 56D)
|
Batting: LHB Howard Evans
|
0-0: Ball 1-0: Fly out, F8 (Line Drive, 78D)
|
Batting: RHB Jeremy Flemming
|
0-0: Called Strike 0-1: Grounds into double play, 5-4-3 (Groundball, 5)
|
Bottom of the 4th over - 0 run(s), 1 hit(s), 0 error(s), 0 left on base; Indiana 1 - Waba 0 |
TOP OF THE 5TH |
Indiana Hounds batting - Pitching for Waba Ducks : LHP Cecil Bonekamp
|
Batting: RHB Francisco Tañón
|
0-0: Called Strike 0-1: Foul Ball, location: 2F 0-2: Ball 1-2: Ball 2-2: Strikes out swinging
|
Batting: LHB Jim Clemente
|
0-0: Ball 1-0: Called Strike 1-1: Called Strike 1-2: Strikes out swinging
|
Batting: RHB Octávio Marín
|
0-0: Called Strike 0-1: Foul Ball, location: 2F 0-2: Strikes out looking
|
Top of the 5th over - 0 run(s), 0 hit(s), 0 error(s), 0 left on base; Indiana 1 - Waba 0 |
BOTTOM OF THE 5TH |
Waba Ducks batting - Pitching for Indiana Hounds : LHP Daniel Gregory
|
Batting: LHB Javier Orozco
|
0-0: Called Strike 0-1: Ball 1-1: Ball 2-1: Fly out, F8 (Flyball, 8RXD)
|
Batting: RHB Don Keating
|
0-0: Called Strike 0-1: Ball 1-1: Fly out, F8 (Flyball, 8RM)
|
Batting: SHB Alex Aguilar
|
0-0: Swinging Strike 0-1: Ball 1-1: Foul Ball, location: 2F 1-2: Strikes out swinging
|
Bottom of the 5th over - 0 run(s), 0 hit(s), 0 error(s), 0 left on base; Indiana 1 - Waba 0 |
TOP OF THE 6TH |
Indiana Hounds batting - Pitching for Waba Ducks : LHP Cecil Bonekamp
|
Batting: RHB Javier Martínez
|
0-0: Called Strike 0-1: Ball 1-1: Foul Ball, location: 2F 1-2: Strikes out swinging
|
Batting: SHB Dave MacThomas
|
0-0: Foul Ball, location: 2F 0-1: Foul Ball, location: 2F 0-2: Foul Ball, location: 2F 0-2: Ball 1-2: Ball 2-2: Fly out, F9 (Flyball, 9)
|
Batting: RHB Bob Lazzeri
|
0-0: Swinging Strike 0-1: Ball 1-1: Swinging Strike 1-2: Ground out 4-3 (Groundball, 4)
|
Top of the 6th over - 0 run(s), 0 hit(s), 0 error(s), 0 left on base; Indiana 1 - Waba 0 |
BOTTOM OF THE 6TH |
Waba Ducks batting - Pitching for Indiana Hounds : LHP Daniel Gregory
|
Batting: RHB Kelly Graham
|
0-0: Called Strike 0-1: Ball 1-1: Ball 2-1: Ball 3-1: Base on Balls
|
Batting: RHB Pedro Molina
|
0-0: Called Strike 0-1: Ball 1-1: Called Strike 1-2: Fly out, F7 (Flyball, 78M)
|
Batting: LHB Sammy Marshall
|
0-0: Ball 1-0: Ball Kelly Graham is caught stealing 2nd base 2-0: Swinging Strike 2-1: Called Strike 2-2: Foul Ball, location: 2F 2-2: Strikes out looking
|
Bottom of the 6th over - 0 run(s), 0 hit(s), 0 error(s), 0 left on base; Indiana 1 - Waba 0 |
TOP OF THE 7TH |
Indiana Hounds batting - Pitching for Waba Ducks : LHP Cecil Bonekamp
|
Batting: RHB Danny Walker
|
0-0: Foul Ball, location: 2F 0-1: Ball 1-1: Called Strike 1-2: Ball 2-2: DOUBLE (Line Drive, 9LD)
|
Pinch Hitting: RHB Juan Jose Guevana
|
0-0: Intentional Walk
|
Batting: LHB Denny Poole
|
0-0: Ball 1-0: SINGLE (Flyball, 8RS) Danny Walker to third Juan Jose Guevana to second
|
Pinch Hitting: RHB Vicente Valentín
|
0-0: Ball 1-0: Swinging Strike 1-1: Foul Ball, location: 2F 1-2: Strikes out swinging
|
Pinch Hitting: RHB Anthony Rucker
|
0-0: Ball 1-0: Called Strike 1-1: Ball 2-1: Ball 3-1: Base on Balls Danny Walker scores Juan Jose Guevana to third Denny Poole to second
|
Batting: RHB Octávio Marín
|
0-0: Ball 1-0: Foul Ball, location: 2F 1-1: Ball 2-1: Foul Ball, location: 2F 2-2: Ball 3-2: Grounds into fielders choice 4-2 (Groundball, 4S) Denny Poole to third Anthony Rucker to second
|
Pitching: RHP Bill Bygrove
|
|
Pinch Hitting: LHB Junior Coates
|
0-0: Ball 1-0: Swinging Strike 1-1: Ball 2-1: Foul Ball, location: 2F 2-2: Foul Ball, location: 2F 2-2: Ball 3-2: Foul Ball, location: 2F 3-2: Base on Balls Denny Poole scores Anthony Rucker to third Octávio Marín to second
|
Pinch Hitting: LHB Manny Hernández
|
0-0: Called Strike 0-1: Foul Ball, location: 2F 0-2: Ball 1-2: Foul Ball, location: 2F 1-2: Foul Ball, location: 2F 1-2: Ball 2-2: Foul Ball, location: 2F 2-2: Ground out U3 (Groundball, 3)
|
Top of the 7th over - 2 run(s), 2 hit(s), 0 error(s), 3 left on base; Indiana 3 - Waba 0 |
BOTTOM OF THE 7TH |
Waba Ducks batting - Pitching for Indiana Hounds : LHP Daniel Gregory
|
Now at 1B: Anthony Rucker
|
|
Now at 3B: Junior Coates
|
|
Now in LF: Manny Hernández
|
|
Now in CF: Ramón Benítez
|
|
Now in RF: Vicente Valentín
|
|
Batting: RHB Paul Spencer
|
0-0: Called Strike 0-1: Foul Ball, location: 2F 0-2: Ball 1-2: Ground out 5-3 (Groundball, 56)
|
Batting: LHB Howard Evans
|
0-0: Ball 1-0: Ball 2-0: Called Strike 2-1: Called Strike 2-2: Foul Ball, location: 2F 2-2: Ball 3-2: Ground out U3 (Groundball, 34S)
|
Batting: RHB Jeremy Flemming
|
0-0: Ball 1-0: Foul Ball, location: 2F 1-1: Ball 2-1: Ball 3-1: Ground out 4-3 (Groundball, 4)
|
Bottom of the 7th over - 0 run(s), 0 hit(s), 0 error(s), 0 left on base; Indiana 3 - Waba 0 |
TOP OF THE 8TH |
Indiana Hounds batting - Pitching for Waba Ducks : RHP Bill Bygrove
|
Batting: RHB Bob Lazzeri
|
0-0: Ball 1-0: Foul Ball, location: 2F 1-1: SINGLE (Groundball, 56D)
|
Batting: RHB Danny Walker
|
0-0: Fly out, F9 (Flyball, 89S)
|
Batting: LHB Ramón Benítez
|
0-0: Ball 1-0: Ball 2-0: Fly out, F8 (Line Drive, 89M)
|
Batting: LHB Denny Poole
|
0-0: Swinging Strike 0-1: Called Strike 0-2: Ball 1-2: Strikes out swinging
|
Top of the 8th over - 0 run(s), 1 hit(s), 0 error(s), 1 left on base; Indiana 3 - Waba 0 |
BOTTOM OF THE 8TH |
Waba Ducks batting - Pitching for Indiana Hounds : LHP Daniel Gregory
|
Pitching: RHP Enrique Gómez
|
|
Batting: LHB Javier Orozco
|
0-0: Foul Ball, location: 2F 0-1: Fly out, F8 (Flyball, 8RS)
|
Batting: RHB Don Keating
|
0-0: SINGLE (Groundball, 4MD)
|
Pitching: RHP Mike Meeks
|
|
Batting: SHB Alex Aguilar
|
0-0: Ball 1-0: Ground out 4-3 (Groundball, 34) Don Keating to second
|
Batting: RHB Kelly Graham
|
0-0: Called Strike 0-1: Ball 1-1: Swinging Strike 1-2: Ball 2-2: SINGLE (Line Drive, 34D) Don Keating to third Runner from 3rd tries for Home, SAFE, no throw
|
Batting: RHB Pedro Molina
|
0-0: Ball 1-0: 2-RUN HOME RUN (Flyball, 8LXD), Distance : 424 ft
|
Batting: LHB Sammy Marshall
|
0-0: Ball 1-0: Called Strike 1-1: SINGLE (Line Drive, 56D)
|
Pitching: RHP Porter Warren
|
|
Batting: RHB Paul Spencer
|
0-0: Called Strike Sammy Marshall is caught stealing 2nd base
|
Bottom of the 8th over - 3 run(s), 4 hit(s), 0 error(s), 0 left on base; Indiana 3 - Waba 3 |
TOP OF THE 9TH |
Indiana Hounds batting - Pitching for Waba Ducks : RHP Bill Bygrove
|
Pitching: RHP Bill Lowe
|
|
Batting: RHB Vicente Valentín
|
0-0: Swinging Strike 0-1: Foul Ball, location: 2F 0-2: Ball 1-2: Ball 2-2: Ball 3-2: Ground out 4-3 (Groundball, 4MS)
|
Batting: RHB Anthony Rucker
|
0-0: Ball 1-0: Ball 2-0: Ball 3-0: Called Strike 3-1: SINGLE (Groundball, 34D)
|
Pinch Hitting: LHB Pepe Vázquez
|
0-0: Called Strike 0-1: Ball 1-1: Ball 2-1: Swinging Strike 2-2: Ball 3-2: Foul Ball, location: 2F 3-2: Foul Ball, location: 2F 3-2: TRIPLE (Flyball, 8LXD) Anthony Rucker scores
|
Batting: LHB Junior Coates
|
0-0: Intentional Walk
|
Batting: LHB Manny Hernández
|
0-0: Ball 1-0: Foul Ball, location: 2F 1-1: Foul Ball, location: 2F 1-2: SINGLE (Groundball, 4D) Pepe Vázquez scores Junior Coates to second Runner from 2nd tries for 3rd, SAFE, throw made to third
|
Pinch Hitting: LHB Rubén Díaz
|
0-0: Ball 1-0: Foul Ball, location: 2F 1-1: Ball 2-1: Ball 3-1: Base on Balls Manny Hernández to second
|
Batting: RHB Danny Walker
|
0-0: Ball 1-0: Ball 2-0: Foul Ball, location: 2F 2-1: SINGLE (Flyball, 9LM) Junior Coates scores Manny Hernández to third Rubén Díaz to second
|
Pitching: RHP Jim Nelson
|
|
Batting: LHB Ramón Benítez
|
0-0: Ball 1-0: Swinging Strike 1-1: Called Strike 1-2: Grounds into double play, 3-2-3 (Groundball, 3)
|
Top of the 9th over - 3 run(s), 4 hit(s), 0 error(s), 2 left on base; Indiana 6 - Waba 3 |
BOTTOM OF THE 9TH |
Waba Ducks batting - Pitching for Indiana Hounds : RHP Porter Warren
|
Now at C: Eugene Ackerman
|
|
Now at SS: Rubén Díaz
|
|
Batting: RHB Paul Spencer
|
0-0: Ball 1-0: Ball 2-0: Ground out 1-3 (Groundball, 13S)
|
Batting: LHB Howard Evans
|
0-0: Ball 1-0: Called Strike 1-1: Ball 2-1: Foul Ball, location: 2F 2-2: Ball 3-2: Fly out, F2 (Popup, 34S)
|
Batting: RHB Jeremy Flemming
|
0-0: Ball 1-0: SOLO HOME RUN (Line Drive, 78XD), Distance : 366 ft
|
Pitching: RHP Ronald Moore
|
|
Batting: LHB Javier Orozco
|
0-0: Called Strike 0-1: Foul Ball, location: 2F 0-2: Strikes out looking
|
Bottom of the 9th over - 1 run(s), 1 hit(s), 0 error(s), 0 left on base; Indiana 6 - Waba 4 |
|